 Dungeon Crawl Stone Soup version 0.30-a0-718-geaa24f58ff (webtiles) character file.

Game seed: 4403808202989438648

23727 browni3141 the Cleaver (level 12, 0/88 HPs)
             Began as a Mummy Cinder Acolyte on Jan 26, 2023.
             Was a Priest of Ignis.
             Slain by an orc warrior
             ... wielding a +0 war axe
              (9 damage)
             ... on level 9 of the Dungeon.
             The game lasted 00:48:32 (17616 turns).

browni3141 the Cleaver (Mummy Cinder Acolyte)      Turns: 17616, Time: 00:48:33

Health: 0/88       AC: 13    Str: 20    XL:     12   Next: 74%
Magic:  27/27      EV: 11    Int: 19    God:    Ignis [***...]
Gold:   438        SH:  0    Dex: 13    Spells: 11/19 levels left

rFire   + . .      SeeInvis .    E - +0 broad axe (flame)
rCold   + . .      Faith    +    (no shield)
rNeg    + + +      Spirit   .    L - +1 troll leather armour
rPois   ∞          Reflect  .    n - +2 hat {Int+3}
rElec   .          Harm     .    (no cloak)
rCorr   .          Rampage  .    w - +2 pair of gloves
Will    +....                    o - +2 pair of boots
Stlth   ++                       m - amulet of Lust {Faith Fragile Dex+6}
HPRegen 1.14/turn                q - ring of protection from fire
MPRegen 0.20/turn                z - ring of magical power

@: slowed, very slow
A: cold resistance 1, negative energy resistance 3, torment resistance 2, heat
vulnerability 1, in touch with death 1, no potions, faith
a: Renounce Religion, Fiery Armour, Foxfire Swarm, Rising Flame


You were on level 9 of the Dungeon.
You worshipped Ignis.
Ignis was most pleased with you.
You visited 1 branch of the dungeon, and saw 11 of its levels.

You collected 632 gold pieces.
You spent 194 gold pieces at shops.

Inventory:

Hand Weapons
 a - a -1 hand axe of flaming
 e - a +2 dagger of venom
 k - a +0 war axe
 E - a +0 broad axe of flaming (weapon)
Missiles
 h - 3 javelins
 i - 4 atropa-tipped darts
 r - 40 poisoned darts
 t - 6 curare-tipped darts (quivered)
 y - 5 silver javelins
 A - 3 throwing nets
Armour
 b - a +0 robe
 n - a +2 hat of intelligence (worn)
 o - a +2 pair of boots (worn)
 w - a +2 pair of gloves (worn)
 B - +0 steam dragon scales
 L - a +1 troll leather armour (worn)
Jewellery
 m - the amulet of Lust (around neck) {Faith Fragile Dex+6}
   (You took it off an orc on level 7 of the Dungeon)

   [amulet of faith]

   It allows you to gain divine favour quickly.
   Dex:       It affects your dexterity (+6).
   Fragile:   It will be destroyed if unequipped.
 q - a ring of protection from fire (left hand)
 v - a ring of willpower
 z - a ring of magical power (right hand)
 C - a +6 ring of dexterity
 K - a ring of ice
Wands
 u - a wand of roots (9)
 x - a wand of digging (5)
 H - a wand of flame (21)
Scrolls
 c - 2 scrolls of noise
 d - 2 scrolls of amnesia
 f - 11 scrolls of teleportation
 g - 5 scrolls of vulnerability
 j - 5 scrolls of fog
 p - 4 scrolls of identify
 F - 2 scrolls of blinking
 J - a scroll of immolation
Miscellaneous
 G - a phantom mirror (inert)


   Skills:
 - Level 6.0 Fighting
 - Level 12.0 Axes
 - Level 2.0 Stealth
 - Level 4.0 Spellcasting
 * Level 6.4 Conjurations
 * Level 11.2 Fire Magic
 - Level 3.0 Evocations


You had 11 spell levels left.
You knew the following spells:

 Your Spells              Type           Power      Damage    Failure   Level
a - Scorch                Fire           92%        2d9       1%          2
b - Foxfire               Conj/Fire      100%       2x1d9     1%          1
c - Fireball              Conj/Fire      18%        3d9       12%         5

Your spell library contained the following spells:

 Spells                   Type           Power      Damage    Failure   Level
 Magic Dart               Conj           100%       1d8       1%          1
 Hailstorm                Conj/Ice       15%        3d5       13%         3
 Freeze                   Ice            12%        1d3       16%         1
 Slow                     Hex            12%        N/A       16%         1
 Sting                    Tmut/Pois      12%        1d3       16%         1
 Mephitic Cloud           Conj/Pois/Air  11%        N/A       21%         3
 Call Imp                 Summ           3%         N/A       24%         2
 Ensorcelled Hibernation  Hex/Ice        6%         N/A       24%         2
 Poisonous Vapours        Pois/Air       6%         N/A       24%         2
 Confusing Touch          Hex            3%         N/A       43%         3
 Frozen Ramparts          Ice            6%         1d1       43%         3
 Vampiric Draining        Necr           5%         2d6       43%         3
 Starburst                Conj/Fire      18%        6d7       56%         6
 Anguish                  Hex/Necr       2%         N/A       85%         4
 Olgreb's Toxic Radiance  Pois           3%         N/A       85%         4
 Simulacrum               Ice/Necr       2%         N/A       100%        6
 Spider Form              Tmut/Pois      Unusable   N/A       N/A         3
 Ice Form                 Ice/Tmut       Unusable   N/A       N/A         4

Dungeon Overview and Level Annotations

Branches:
Dungeon (11/15)            Temple (0/1) D:4            Lair (0/5) D:10
    Orc: D:9-12

Altars:
Trog
Wu Jian
Xom
Yredelemnul

Shops:
D:10 [(*

Annotations:
D:3 exclusion: door
D:5 3 runed translucent doors, SpyderV's ghost, amateur DsBe
D:6 exclusion: two-headed ogre
D:9 exclusion: 12 doors


Innate Abilities, Weirdness & Mutations

You are immune to poison.
Your flesh is cold resistant. (rC+)
You are immune to negative energy. (rN+++)
You are immune to unholy pain and torment.
You are vulnerable to heat. (rF-)
You are in touch with the powers of death.
You do not drink.
You have a special connection with the divine. (Faith)


Message History

* * * LOW HITPOINT WARNING * * *
Aiming: Fastroot
Press: ? - help, Shift-Dir - straight line, f - troll
Aim: a troll (severely wounded)
The roots erupt in riotous growth!
Roots grab the troll.
The wraith is unaffected.
The grasping roots constrict the troll!
You kill the troll!
The troll leather armour is intact enough to wear.
The wraith barely misses you. The wraith attacks as you move away!
The wraith hits you.
* * * LOW HITPOINT WARNING * * *
The wraith barely misses you.
There is a stone staircase leading up here.
The wraith hits you but does no damage.
You climb upwards.
Level annotation: exclusion: 12 doors Reactivating autopickup.
There is a stone staircase leading down here.
You barely miss the orc warrior. You barely miss the wraith.
The wraith hits you. The wraith drains your vigour!
You feel as though you will be slow longer.
The orc warrior barely misses you. The wraith hits you.
The wraith drains your vigour!
You feel as though you will be slow longer.
The orc warrior hits you with a +0 war axe.
* * * LOW HITPOINT WARNING * * *
You barely miss the wraith.
The wraith is moderately damaged.
You slash the orc warrior! You burn the orc warrior. The wraith hits you.
* * * LOW HITPOINT WARNING * * *
The wraith drains your vigour!
You feel as though you will be slow longer.
The orc warrior closely misses you.
You barely miss the wraith.
The wraith is moderately damaged.
You closely miss the orc warrior. The wraith hits you!
* * * LOW HITPOINT WARNING * * *
The orc warrior hits you with a +0 war axe!
You die...

#....#########....#
##....#.......#....#
#.....#.......#....#
#.....#.......#....+
#.....#.......#....#
#.....#.......#....#
#.....####'####....#
#..................#
#...............@..#
#......#######.o.W.#
#......# #.....#
#....))# #.....#
#......# #.....#
#......#######.....+
#..................#
#..................#
#..................#


You could see a wraith and an orc warrior.

Vanquished Creatures
  Josephine (D:11)
  Harold (D:11)
  Erolcha (D:9)
  A boulder beetle (D:7)
  Erica (D:8)
  An orc knight (D:11)
  Pikel (D:6)
  An orc sorcerer (D:10)
  A spectral boulder beetle (D:10)
  2 ugly things
  A manticore (D:11)
  A centaur zombie (D:10)
  A gargoyle (D:7)
  A kobold demonologist (D:7)
  A spectral unseen horror (D:10)
  An unseen horror (D:7)
  Maggie (D:7)
  2 trolls
  3 hornets
  Sigmund (D:5)
  10 flying skulls
  4 shadows
  8 wraiths
  5 wyverns
  19 yaks
  3 basilisks
  3 steam dragons (D:7)
  4 vampire mosquitoes
  5 wargs (D:10)
  An acid dragon (D:11)
  3 water moccasins
  4 orc warriors
  A swamp drake (D:10)
  A hell hound (D:10)
  2 ice beasts
  A sky beast (D:8)
  A boulder beetle simulacrum (D:10)
  5 black bears
  3 black mamba simulacra (D:10)
  6 ogres
  3 centaurs (D:7)
  A phantom (D:6)
  6 kobold brigands
  3 bullfrogs
  A gnoll sergeant (D:10)
  2 scorpions
  3 necrophages
  4 wights (D:8)
  3 killer bees (D:7)
  2 electric eels
  4 jellies (D:7)
  7 orc priests
  6 hounds
  2 centaur skeletons (D:10)
  5 iguanas
  A gnoll bouda (D:6)
  7 orc wizards
  4 hell rats (D:10)
  A centaur simulacrum (D:10)
  Robin (D:3)
  A howler monkey skeleton (D:10)
  10 gnolls
  7 adders
  2 shadow imps
  A white imp (D:8)
  A worm (D:2)
  A dart slug (D:1)
  37 orcs
  7 endoplasms
  3 giant cockroaches
  15 goblins
  9 hobgoblins
  27 kobolds
  2 quokkas
  8 ball pythons
  3 bats
  8 frilled lizards
  4 rats
325 creatures vanquished.

Vanquished Creatures (collateral kills)
  A wraith (D:10)
  A wyvern (D:10)
  An acid dragon (D:10)
  An orc (D:7)
  A foxfire (D:6)
5 creatures vanquished.

Vanquished Creatures (others)
  A boulder beetle simulacrum (D:10)
  A black mamba simulacrum (D:10)
  A bullfrog (D:7)
  397 foxfires
  6 plants
406 creatures vanquished.

Grand Total: 736 creatures vanquished

Notes
Turn   | Place    | Note
-------+----------+-------------------------------------------
     0 | D:1      | browni3141 the Mummy Cinder Acolyte began the quest for the
                  | Orb.
     0 | D:1      | Reached XP level 1. HP: 18/18 MP: 2/2
   104 | D:1      | Reached skill level 1 in Stealth
   208 | D:1      | Reached XP level 2. HP: 24/24 MP: 4/4
   213 | D:1      | Learned a level 2 spell: Scorch
  1120 | D:2      | Gained mutation: You are in touch with the powers of death.
                  | [Mummy growth]
  1120 | D:2      | Reached XP level 3. HP: 26/29 MP: 1/5
  1135 | D:2      | Reached skill level 3 in Axes
  1415 | D:2      | Learned a level 1 spell: Foxfire
  1506 | D:2      | Reached XP level 4. HP: 35/35 MP: 6/6
  1713 | D:3      | Noticed a black bear
  2248 | D:3      | Noticed Robin
  2254 | D:3      | Reached skill level 4 in Axes
  2261 | D:3      | Killed Robin
  2468 | D:3      | Found a faded altar of an unknown god.
  2688 | D:3      | Reached XP level 5. HP: 20/41 MP: 0/7
  3038 | D:3      | Killed a black bear
  3039 | D:3      | Reached skill level 5 in Axes
  3222 | D:3      | Found a faded altar of an unknown god.
  3822 | D:4      | Found a staircase to the Ecumenical Temple.
  3857 | D:4      | Noticed an ogre
  4059 | D:4      | Reached XP level 6. HP: 44/47 MP: 8/8
  4323 | D:4      | Reached skill level 1 in Conjurations
  4758 | D:5      | Entered Level 5 of the Dungeon
  4852 | D:5      | Noticed Sigmund
  4873 | D:5      | Killed Sigmund
  4874 | D:5      | Reached XP level 7. HP: 34/52 MP: 2/10
  5041 | D:5      | Reached skill level 5 in Fire Magic
  5148 | D:5      | Reached skill level 1 in Evocations
  5431 | D:5      | Found a shimmering altar of Xom.
  5437 | D:5      | Found an ornate altar of the Wu Jian Council.
  5537 | D:5      | Found a runed translucent gate.
  5537 | D:5      | Found a runed translucent gate.
  5537 | D:5      | Found a runed translucent gate.
  5537 | D:5      | Noticed SpyderV's ghost (amateur DsBe)
  5548 | D:5      | Reached XP level 8. HP: 54/58 MP: 11/11
  6146 | D:6      | Noticed a two-headed ogre
  6583 | D:6      | Reached skill level 6 in Axes
  7106 | D:6      | Reached skill level 7 in Axes
  7633 | D:6      | Learned a level 5 spell: Fireball
  7657 | D:7      | Noticed Pikel
  7747 | D:6      | Reached XP level 9. HP: 30/63 MP: 3/12
  8194 | D:6      | Killed Pikel
  8195 | D:6      | Reached skill level 8 in Axes
  8612 | D:7      | Noticed a boulder beetle
  8630 | D:7      | Killed a boulder beetle
  8779 | D:7      | Reached XP level 10. HP: 53/70 MP: 13/13
  9227 | D:7      | Identified the amulet of Lust {Faith Fragile Dex+6}
  9228 | D:7      | Noticed a gargoyle
  9247 | D:7      | Noticed a smoke demon
  9257 | D:7      | Noticed a rust devil
  9269 | D:7      | Noticed a green ugly thing
  9695 | D:7      | HP: 1/71 [something (5)]
  9941 | D:8      | Found a bloodstained altar of Trog.
 10049 | D:8      | Noticed Erica
 10086 | D:8      | Killed Erica
 10436 | D:8      | Reached skill level 5 in Conjurations
 11706 | D:7      | Reached skill level 10 in Fire Magic
 11819 | D:7      | Noticed a sixfirhy
 11927 | D:7      | Reached XP level 11. HP: 77/77 MP: 11/15
 12020 | D:7      | Killed a green ugly thing
 12217 | D:7      | Noticed Maggie
 12229 | D:7      | Killed Maggie
 13003 | D:9      | Noticed Erolcha
 13020 | D:9      | Killed Erolcha
 13124 | D:9      | Noticed a deep elf zephyrmancer
 13691 | D:10     | Entered Level 10 of the Dungeon
 13821 | D:10     | Found a staircase to the Lair.
 13939 | D:10     | Noticed an orc sorcerer
 13940 | D:10     | Noticed an orc knight
 14181 | D:11     | Reached skill level 9 in Axes
 14437 | D:11     | Noticed Harold
 14457 | D:11     | Killed Harold
 14652 | D:11     | Noticed a brown ugly thing
 14771 | D:11     | Killed an orc knight
 14904 | D:11     | Identified the +5 hand axe "Kanej" {freeze, Fly Will+
                  | Str+2}
 15022 | D:11     | Reached skill level 10 in Axes
 15161 | D:11     | Noticed Josephine
 15169 | D:11     | Killed Josephine
 15176 | D:11     | Reached XP level 12. HP: 71/83 MP: 2/16
 15804 | D:10     | Reached skill level 11 in Axes
 15961 | D:10     | Found Osum's Antique Armour Shoppe.
 16548 | D:10     | Found Mim Ikli's Antique Weapon Shoppe.
 16756 | D:10     | Reached skill level 12 in Axes
 16761 | D:10     | Reached skill level 5 in Fighting
 17429 | D:10     | Found a basalt altar of Yredelemnul.
 17564 | D:10     | Found Ereac's General Store.
 17573 | D:10     | Bought a scroll of enchant armour for 97 gold pieces
 17573 | D:10     | Bought a scroll of blinking for 97 gold pieces
 17616 | D:9      | Slain by an orc warrior

Illustrated notes

Levels and vault maps discovered:
D:1:      minmay_arrival_five_plusses, layout_basic
D:2:      layout_rooms
D:3:      layout_basic, ebering_ecumenical_altar_mist, uniq_robin
D:4:      layout_gridville, minmay_temple_entry_junction
D:5:      layout_basic, nicolae_overflow_hidden_temple,
          gammafunk_ghost_necromancy, uniq_sigmund
D:6:      layout_basic, minmay_misc_feat_ornament, chequers_big_river,
          serial_bayou_pond_e
D:7:      nzn_winding_woodlands_large [nzn_winding_woodlands_5x5_open_star,
          nzn_winding_woodlands_5x15_sidewinder,
          nzn_winding_woodlands_5x5_perimeter,
          nzn_winding_woodlands_center_diamonds,
          nzn_winding_woodlands_15x15_eel_pit,
          nzn_winding_woodlands_center_pierced_h,
          nzn_winding_woodlands_5x5_closed_star,
          nzn_winding_woodlands_5x15_sawtooth,
          nzn_winding_woodlands_5x5_checkerboard], layout_rooms,
          chequers_serial_rivers_micro_b, minmay_increasing_density, uniq_pikel,
          uniq_maggie
D:8:      layout_gridville, lemuel_doored_altar, uniq_erica
D:9:      minmay_the_grid_4x2 [minmay_the_grid_tri_star,
          minmay_the_grid_odd_star, minmay_the_grid_square_x,
          minmay_the_grid_garden, minmay_the_grid_box_x,
          minmay_the_grid_all_tris, minmay_the_grid_zigzag_pyramid,
          minmay_the_grid_prize_inner_circle], layout_irregular_city,
          uniq_erolcha
D:10:     lemuel_vampire_tower, layout_stronghold, erik_lair_dragon,
          serial_shops, kennysheep_mini_moat, nicolae_square_shop,
          nicolae_lakefront_shop, nicolae_shop_temple_entry_statues_fountains
D:11:     layout_stronghold, uniq_harold, uniq_josephine

Skill      XL: |  1  2  3  4  5  6  7  8  9 10 11 12 |
---------------+-------------------------------------+-----
Stealth        | 1 2 |  2.0
Axes           | 3 4 5 7 8 10 12 | 12.0
Spellcasting   | 2 3 4 |  4.0
Conjurations   | 2 4 5 6 |  6.4
Fire Magic     | 4 5 7 10 11 | 11.2
Evocations     | 1 3 |  3.0
Fighting       | 4 6 |  6.0

Action                     |  1- 3 |  4- 6 |  7- 9 | 10-12 || total
---------------------------+-------+-------+-------+-------++-------
  Melee: Hand axe          |   107 |   114 |   215 |   200 ||   636
         Punch             |       |       |     3 |     5 ||     8
         Broad axe         |       |       |       |   512 ||   512
  Throw: Dart              |       |       |    18 |    16 ||    34
   Cast: Scorch            |    13 |     4 |    34 |    83 ||   134
         Foxfire           |       |    33 |    53 |   141 ||   227
         Fireball          |       |       |       |    33 ||    33
 Invoke: Fiery Armour      |       |     1 |       |     4 ||     5
         Foxfire Swarm     |       |       |       |     1 ||     1
  Evoke: Wand              |       |     3 |       |    33 ||    36
         Phantom mirror    |       |       |       |     2 ||     2
    Use: Scroll            |     3 |     2 |     4 |    12 ||    21
   Stab: Sleeping          |     1 |     1 |     1 |       ||     3
 Armour: Robe              |    22 |    45 |   103 |       ||   170
         Steam dragon scal |       |       |    16 |   165 ||   181
         Troll leather arm |       |       |       |   267 ||   267
  Dodge: Dodged            |    69 |    81 |   167 |   443 ||   760

Table legend: (Time is in decaauts)
 A = Elapsed time spent in this place.
 B = Non-inter-level travel time spent in this place.
 C = Inter-level travel time spent in this place.
 D = Time resting spent in this place.
 E = Time spent auto-exploring this place.
 F = Levels seen in this place.
 G = Mean time per level.
                   A        B        C        D        E       F      G
               +--------+--------+--------+--------+--------+-----+--------+
         Total |  17776 |  17065 |    711 |   2562 |  10921 |  11 | 1616.0 |
       Dungeon |  17776 |  17065 |    711 |   2562 |  10921 |  11 | 1616.0 |
               +--------+--------+--------+--------+--------+-----+--------+

Top non-repeatable levels by time:
     D:7: 2849 daAuts
    D:10: 2137 daAuts
     D:3: 2053 daAuts
     D:8: 1991 daAuts
     D:6: 1947 daAuts
    D:11: 1889 daAuts
     D:5: 1258 daAuts
     D:1: 1102 daAuts
     D:4: 970 daAuts
     D:9: 918 daAuts
     D:2: 659 daAuts
